 Dungeon Crawl Stone Soup version 0.29-a0-911-g88e6f02907 (webtiles) character file.

Game seed: 3277375821749305548

14273 porpoise the Summoner (level 12, -5/91 HPs)
             Began as a Barachi Summoner on July 25, 2022.
             Was a High Priest of Fedhas.
             Slain by a salamander
             ... wielding a +0 halberd
              (9 damage)
             ... in a volcano.
             The game lasted 01:20:00 (13658 turns).

porpoise the Summoner (Barachi Summoner)           Turns: 13658, Time: 01:20:01

Health: -5/91      AC: 12    Str: 10    XL:     12   Next: 14%
Magic:  13/19      EV: 18    Int: 19    God:    Fedhas [*****.]
Gold:   747        SH:  0    Dex: 14    Spells: 5/21 levels left

rFire   . . .      SeeInvis .   a - +3 long sword (drain)
rCold   . . .      Faith    .   (no shield)
rNeg    . . .      Spirit   .   P - +2 leather armour {rPois}
rPois   +          Reflect  .   (no helmet)
rElec   +          Harm     .   (no cloak)
rCorr   .          Rampage  .   T - +0 pair of gloves
Will    .....                   G - +0 pair of boots
Stlth   ++........              y - amulet "Jauhe" {rElec Regen+}
HPRegen 1.05/turn               c - +4 ring of evasion
MPRegen 0.16/turn               u - +4 ring of protection

@: slow
A: amphibious, slowness 1, strong legs 1, +LOS
a: Hop, Renounce Religion, Wall of Briars, Grow Ballistomycete, Overgrow, Grow
Oklob


You were in a volcano.
You worshipped Fedhas.
Fedhas was extremely pleased with you.
You visited 3 branches of the dungeon, and saw 13 of its levels.
You also visited: Sewer, Ossuary and Volcano.

You collected 978 gold pieces.
You spent 231 gold pieces at shops.

Inventory:

Hand Weapons
 a - a +3 long sword of draining (weapon)
 b - a +0 sling of freezing
Missiles
 m - 6 poisoned darts
 Q - 7 curare-tipped darts (quivered)
Armour
 f - the +3 chain mail "Ycyuwaol" {rElec rC+ Will+ Int+2}
   (You found it on level 2 of the Lair of Beasts)

   Int:       It affects your intelligence (+2).
   rC:        It protects you from cold.
   rElec:     It insulates you from electricity.
   Will:      It increases your willpower.
 G - a +0 pair of boots (worn)
 P - a +2 leather armour of poison resistance (worn)
 T - a +0 pair of gloves (worn)
Jewellery
 c - a +4 ring of evasion (left hand)
 u - a +4 ring of protection (right hand)
 y - the amulet "Jauhe" (around neck) {rElec Regen+}
   (You found it on level 4 of the Dungeon)

   [amulet of regeneration]

   rElec:     It insulates you from electricity.
   Regen:     It increases your rate of health regeneration.
 U - a ring of ice
Wands
 e - a wand of acid (3)
 r - a wand of flame (32)
 x - a wand of polymorph (3)
 L - a wand of charming (11)
Scrolls
 d - 4 scrolls of identify
 i - a scroll of poison
 k - a scroll of vulnerability
 l - 4 scrolls of blinking
 n - a scroll of enchant armour
 q - 6 scrolls of teleportation
 H - a scroll of magic mapping
 J - a scroll of fog
 N - 3 scrolls of fear
 S - a scroll of silence
Potions
 g - 3 potions of invisibility
 h - a potion of ambrosia
 j - a potion of haste
 p - 12 potions of curing
 t - 4 potions of heal wounds
 v - 2 potions of lignification
 B - 3 potions of attraction
 D - a potion of might
 I - 2 potions of resistance
 K - a potion of berserk rage
 M - 4 potions of magic
 X - 2 potions of cancellation


   Skills:
 + Level 7.2 Fighting
 - Level 8.0 Long Blades
 - Level 5.0 Armour
 - Level 7.0 Dodging
 - Level 1.7 Stealth
 - Level 5.0 Spellcasting
 - Level 7.0 Hexes
 + Level 9.2 Summonings
 - Level 9.0 Air Magic
 - Level 7.0 Invocations
 + Level 2.9 Evocations


You had 5 spell levels left.
You knew the following spells:

 Your Spells              Type           Power      Damage    Failure   Level
a - Summon Small Mammal   Summ           100%       N/A       1%          1
b - Call Imp              Summ           39%        N/A       1%          2
c - Call Canine Familiar  Summ           39%        N/A       1%          3
d - Summon Lightning Spi  Summ/Air       39%        N/A       3%          4
e - Summon Guardian Gole  Hex/Summ       35%        N/A       1%          3
t - Tukima's Dance        Hex            31%        N/A       2%          3

Your spell library contained the following spells:

 Spells                   Type           Power      Damage    Failure   Level
 Portal Projectile        Hex/Tloc       36%        N/A       12%         3
 Apportation              Tloc           8%         N/A       16%         1
 Metabolic Englaciation   Hex/Ice        9%         N/A       71%         5
 Petrify                  Tmut/Erth      4%         N/A       85%         4
 Alistair's Intoxication  Tmut/Pois      2%         N/A       99%         5
 Blade Hands              Tmut           2%         N/A       99%         5
 Statue Form              Tmut/Erth      2%         N/A       100%        6


Dungeon Overview and Level Annotations

Branches:
Dungeon (10/15)            Temple (1/1) D:5            Lair (2/5) D:9
    Orc (0/2) D:10          Sewer (visited)         Ossuary (visited)
Volcano (1/1)
  Swamp: Lair:2-3    Shoals: Lair:2-3     Snake: Lair:2-3    Spider: Lair:2-3

Altars:
Ashenzari
Cheibriados
Dithmenos
Elyvilon
Fedhas
Gozag
Hepliaklqana
Kikubaaqudgha
Makhleb
Nemelex Xobeh
Okawaru
Qazlal
Ru
Sif Muna
Trog
Uskayaw
Vehumet
Wu Jian
Xom
Yredelemnul
Zin
The Shining One

Shops:
D:4 ((=   D:5 =!?:*   D:8 =


Innate Abilities, Weirdness & Mutations

You are amphibious.
You cover ground slowly.
You can hop short distances.
You have an extended range of vision and can be seen from far away.


Message History

Your wolf's corpse disappears in a puff of smoke!
The fire bat bites the plant.
The plant is engulfed in flames!
The two-headed ogre hits the plant with a +0 giant club!! x2
The salamander hits you but does no damage.
You feel much better.
The fire bat bites the plant.
The plant is engulfed in flames.
The fire bat bites the plant.
The plant is engulfed in flames!
The wyvern bites your lightning spire! The salamander closely misses you.
You hit the salamander but do no damage.
You drain the salamander.
The salamander is lightly wounded.
The wyvern bites your lightning spire but does no damage.
The salamander hits you with a +0 halberd!
* * * LOW HITPOINT WARNING * * *
You are engulfed in flames!
* * * LOW HITPOINT WARNING * * *
You feel much better.
A nearby plant withers and dies.
The wyvern bites your lightning spire!
Your lightning spire shoots out a bolt of lightning at the wyvern!
The bolt of electricity hits the wyvern!
The wyvern dies!
Fedhas appreciates your contribution to the ecosystem.
The salamander barely misses you.
You slash the salamander!
The salamander is lightly wounded.
Your lightning spire shoots out a bolt of lightning at the salamander!
The bolt of electricity hits the salamander!
The salamander hits you with a +0 halberd.
You are engulfed in flames!
* * * LOW HITPOINT WARNING * * *
You hit the salamander.
The salamander is moderately wounded.
The two-headed ogre hits your lightning spire with a +0 giant club!!
Your lightning spire is destroyed!
Your lightning spire disappears in a puff of smoke!
The salamander hits you with a +0 halberd!!
* * * LOW HITPOINT WARNING * * *
You are engulfed in flames!
You die...
Fedhas appreciates your contribution to the ecosystem.

#..∩. ##... #♣.. ♣♣.
♣.. ♣♣♣ ♣♣.♣
♣♣♣♣♣P♣♣♣♣♣ ♣...
♣♣..P....PP♣♣♣♣♣..♣
♣♣§@..♣PP....P♣..♣P♣
♣ON♣♣♣♣♣♣♣.P....♣♣♣♣
♣.b.♣ ♣♣.P♣♣♣♣
§..♣...≈ ♣♣♣♣
≈§P§....P.≈≈≈
°§§§PP.....P≈≈≈
#≈○≈≈....♣..PP≈≈≈
#≈○○≈≈PP.P.P.♣♣♣.
##§§○≈♣.P.♣...


You could see a salamander (drained), a two-headed ogre and a fire bat.

Vanquished Creatures
  A black mamba (Lair:2)
  A cane toad (Lair:2)
  2 komodo dragons (Volcano)
  A hornet (D:9)
  2 blink frogs (Lair:1)
  2 yaks (D:9)
  4 wyverns
  A basilisk (Lair:1)
  A fire bat (Volcano)
  2 vampire mosquitoes (D:10)
  3 steam dragons
  7 water moccasins
  2 orc warriors
  2 ice beasts
  A sky beast (D:7)
  A black bear (D:7)
  3 ogres
  5 centaurs
  3 phantoms
  3 kobold brigands
  3 necrophages (D:5)
  6 bullfrogs
  A scorpion (D:4)
  5 wights
  2 water moccasin zombies (Ossuary)
  A howler monkey (D:6)
  3 electric eels (D:3)
  2 bullfrog zombies (Ossuary)
  4 centaur zombies (Ossuary)
  An iron imp (D:5)
  6 orc priests
  4 hounds
  A jelly (D:8)
  2 iguanas (D:5)
  Natasha (D:4)
  8 orc wizards
  6 gnolls
  3 river rats
  7 adders
  A white imp (D:6)
  An adder zombie (Ossuary)
  19 orcs
  A ball python (Sewer)
  2 giant cockroaches (D:4)
  3 goblins
  4 hobgoblins
  A jackal (D:2)
  A quokka (D:5)
  3 frilled lizards
  A gnoll zombie (Ossuary)
  5 hobgoblin zombies (Ossuary)
  9 kobolds
  An orc zombie (Ossuary)
  4 rats
169 creatures vanquished.

Vanquished Creatures (collateral kills)
  A hydra (D:6)
  A two-headed ogre (D:9)
  The ghost of zeratav the Tainter, a novice OpVM of Gozag (D:9)
  Sonja (Lair:1)
  3 blink frogs (Lair:1)
  2 wyverns
  A wraith (Ossuary)
  3 yaks (D:9)
  2 basilisks (D:9)
  3 water moccasins
  2 orc warriors
  3 ice beasts
  An ogre (D:6)
  2 centaurs (D:7)
  A kobold brigand (Sewer)
  A gnoll sergeant (D:10)
  A necrophage (D:5)
  A scorpion (D:6)
  5 wights
  A bullfrog zombie (Ossuary)
  2 jellies
  2 orc priests
  A gnoll bouda (D:7)
  2 hounds (D:6)
  Natasha (twice) (D:4)
  An iguana (D:6)
  8 orc wizards
  5 gnolls
  4 adders
  A white imp (D:6)
  An adder zombie (Ossuary)
  A worm (D:2)
  2 dart slugs
  29 orcs
  3 bats
  3 endoplasms (D:1)
  3 goblins
  6 hobgoblins
  A jackal (D:2)
  3 quokkas
  8 ball pythons
  5 frilled lizards
  2 goblin zombies (Ossuary)
  3 hobgoblin zombies (Ossuary)
  3 kobolds
  4 rats
141 creatures vanquished.

Vanquished Creatures (others)
  A bush (D:9)
  6 fungi
  35 plants
42 creatures vanquished.

Grand Total: 352 creatures vanquished

Notes
Turn   | Place    | Note
-------+----------+-------------------------------------------
     0 | D:1      | porpoise the Barachi Summoner began the quest for the Orb.
     0 | D:1      | Reached XP level 1. HP: 13/13 MP: 3/3
    88 | D:1      | Reached skill level 5 in Summonings
   217 | D:1      | Reached skill level 1 in Fighting
   222 | D:1      | Reached XP level 2. HP: 19/21 MP: 3/5
   317 | D:1      | Learned a level 2 spell: Call Imp
   912 | D:1      | Reached XP level 3. HP: 27/27 MP: 3/6
  1413 | D:1      | Learned a level 3 spell: Call Canine Familiar
  1995 | D:2      | Found a faded altar of an unknown god.
  2481 | D:3      | Found a transporter.
  2497 | D:3      | Found a transporter.
  2544 | D:3      | Reached XP level 4. HP: 13/35 MP: 1/8
  2747 | D:3      | Reached XP level 5. HP: 27/41 MP: 9/9
  2916 | D:3      | Learned a level 4 spell: Summon Lightning Spire
  3792 | D:4      | Reached XP level 6. HP: 34/48 MP: 5/11
  4132 | D:4      | Noticed Natasha
  4140 | D:4      | Killed Natasha
  4146 | D:4      | Noticed Natasha
  4148 | D:4      | Found Ysygeupa's Weapon Shoppe.
  4233 | D:4      | Killed Natasha
  4241 | D:4      | Noticed Natasha
  4247 | D:4      | Killed Natasha
  4335 | D:4      | Identified the amulet "Jauhe" {rElec Regen+}
  4437 | D:4      | Found Cuiw's Antique Weapon Boutique.
  4478 | D:4      | Found Onu Wur's Jewellery Emporium.
  4757 | D:5      | Entered Level 5 of the Dungeon
  4757 | D:5      | Found Wehok's Magic Scroll Emporium.
  4800 | D:5      | Found Xaqiasm's Distillery.
  4804 | D:5      | Reached skill level 5 in Fighting
  4804 | D:5      | Reached skill level 1 in Air Magic
  4804 | D:5      | Reached XP level 7. HP: 56/56 MP: 9/13
  4810 | D:5      | Reached skill level 1 in Long Blades
  4854 | D:5      | Bought a scroll of blinking for 97 gold pieces
  4862 | D:5      | Bought a potion of heal wounds for 65 gold pieces
  4991 | D:5      | Found a staircase to the Ecumenical Temple.
  5024 | Temple   | Entered the Ecumenical Temple
  5095 | Temple   | Became a worshipper of Fedhas Madash
  5132 | D:5      | Reached skill level 5 in Spellcasting
  5137 | D:5      | Reached XP level 8. HP: 51/62 MP: 13/15
  5306 | D:5      | Found a snail-covered altar of Cheibriados.
  5490 | D:5      | Found Acuzeneny's Assorted Antiques.
  5498 | D:5      | Bought a scroll labelled ATOATSA OCULA for 23 gold pieces
  5498 | D:5      | Bought a scroll labelled UNOHAI CIUTRE for 23 gold pieces
  5498 | D:5      | Bought a scroll labelled UNOHAI CIUTRE for 23 gold pieces
  5651 | D:5      | Found Nybra's Book Shoppe.
  5715 | D:5      | Found Lougoe's Jewellery Boutique.
  5921 | D:6      | Reached * piety under Fedhas
  5944 | D:6      | Reached skill level 5 in Long Blades
  6031 | D:6      | Found a sand-covered staircase.
  6038 | Ossuary  | Entered an ossuary
  6161 | Ossuary  | Reached skill level 5 in Air Magic
  6255 | Ossuary  | Reached XP level 9. HP: 68/68 MP: 16/16
  6267 | Ossuary  | Reached skill level 5 in Dodging
  6286 | Ossuary  | Reached ** piety under Fedhas
  6373 | Ossuary  | Noticed a silent spectre
  6531 | D:6      | Found a glowing drain.
  6542 | Sewer    | Entered a sewer
  7311 | D:6      | Reached *** piety under Fedhas
  7381 | D:6      | Noticed a four-headed hydra
  7395 | D:6      | HP: 3/102 [four-headed hydra (12)]
  7397 | D:6      | Killed a four-headed hydra
  7398 | D:6      | Reached skill level 1 in Invocations
  7398 | D:6      | Reached XP level 10. HP: 5/74 MP: 6/17
  7401 | D:6      | HP: 3/111 [orc/+0 club (5)]
  7949 | D:6      | Found a hazy altar of Hepliaklqana.
  8091 | D:7      | Upgraded the game from 0.29-a0-902-g0f71de6fce to
                  | 0.29-a0-911-g88e6f02907
  8494 | D:7      | Reached **** piety under Fedhas
  8495 | D:7      | Reached skill level 5 in Armour
  8499 | D:7      | Learned a level 3 spell: Summon Guardian Golem
  8503 | D:7      | Learned a level 3 spell: Tukima's Dance
  8902 | D:8      | Found Donah's One-of-a-Kind Rings.
  9413 | D:8      | Reached skill level 1 in Hexes
  9701 | D:9      | Identified the +0 scale mail of Existentialism {+Inv rF+
                  | Will+}
  9728 | D:9      | Found a runed translucent door.
  9729 | D:9      | Noticed zeratav's ghost (novice OpVM)
  9744 | D:9      | Killed zeratav's ghost
  9745 | D:9      | Reached skill level 5 in Invocations
  9745 | D:9      | Reached XP level 11. HP: 83/84 MP: 14/18
  9751 | D:9      | Identified the +7 plate armour of Thoughtfulness {Int+3
                  | Stlth+}
  9827 | D:9      | Reached ***** piety under Fedhas
  9937 | D:9      | Found a staircase to the Lair.
 10079 | D:9      | Noticed a two-headed ogre
 10091 | D:9      | Killed a two-headed ogre
 10174 | D:9      | Found an ancient bone altar of Kikubaaqudgha.
 10814 | D:10     | Entered Level 10 of the Dungeon
 10945 | D:10     | Found a bloodstained altar of Trog.
 10963 | D:10     | Reached skill level 5 in Hexes
 11096 | D:10     | Found a staircase to the Orcish Mines.
 11366 | D:10     | Found a broken altar of Ashenzari.
 11368 | D:10     | Found a hide-covered altar of Uskayaw.
 11770 | D:10     | Identified the +0 pair of boots "Busin" {Int+4}
 11829 | Lair:1   | Entered Level 1 of the Lair of Beasts
 12334 | Lair:1   | Noticed Sonja
 12386 | Lair:1   | Killed Sonja
 12766 | Lair:1   | Noticed an oklob plant
 13130 | Lair:2   | Identified the +3 chain mail "Ycyuwaol" {rElec rC+ Will+
                  | Int+2}
 13340 | Lair:2   | Reached skill level 1 in Evocations
 13340 | Lair:2   | Reached XP level 12. HP: 48/91 MP: 14/19
 13551 | Lair:2   | Found a dark tunnel.
 13561 | Volcano  | Entered a volcano
 13644 | Volcano  | Noticed a two-headed ogre
 13658 | Volcano  | HP: 4/91 [salamander/+0 halberd (18)]
 13658 | Volcano  | Slain by a salamander

Illustrated notes

Levels and vault maps discovered:
D:1:      lemuel_arrival_funnel, layout_basic
D:2:      layout_basic, ebering_ecumenical_altar_rust, hangedman_feature_mirror
D:3:      gammafunk_steamed_eel, layout_basic
D:4:      layout_basic, serial_shops, nicolae_shop_behind_doors,
          nicolae_diamond_shop, shop_fountains, uniq_natasha
D:5:      layout_basic, slow_altar_1, minmay_temple_entry_sparse_star,
          serial_shops, nicolae_shop_waterfront, shop, nicolae_shop_crystal,
          nicolae_shop_behind_doors, shop, sigmund_army
D:6:      cheibrodos_barr_body, layout_gridville, amcnicky_altar_gilded,
          nicolae_ossuary_entry_ruins, cheibrodos_sewer_entry_sluice
D:7:      layout_cave_pools
D:8:      layout_gridville, nicolae_shop_unique_rings, mrwooster_statue_mirror
D:9:      layout_cave_pods, lemuel_doored_altar, minmay_lair_entry_grove,
          ebering_ghost_reflecting_pool
D:10:     layout_loops_cross, lemuel_crystal_altar,
          mainiacjoe_overflow_catwalk_spiral, david_orc_2,
          nicolae_figureground_sparkle
Temple:   nicolae_temple_x_marks_the_god
Lair:1:   layout_regular_city, serial_bayou_shore_a, grunt_megastairs_1,
          uniq_sonja
Lair:2:   layout_regular_city, lightli_volcano_entry_magma_tube,
          forest_entry_grove
Volcano:  pf_volcano_lost_world

Skill      XL: |  1  2  3  4  5  6  7  8  9 10 11 12 |
---------------+-------------------------------------+-----
Summonings     | 5 6 7 8 9 |  9.2
Fighting       | 1 2 3 4 5 7 |  7.2
Spellcasting   | 3 4 5 |  5.0
Air Magic      | 1 3 5 7 8 9 |  9.0
Long Blades    | 3 5 8 |  8.0
Dodging        | 4 7 |  7.0
Armour         | 2 5 |  5.0
Invocations    | 1 5 7 |  7.0
Hexes          | 2 6 7 |  7.0
Evocations     | 1 2 |  2.9
Stealth        | |  1.7

Action                   |  1- 3 |  4- 6 |  7- 9 | 10-12 || total
-------------------------+-------+-------+-------+-------++-------
Melee: Unarmed           |     6 |       |       |       ||     6
       Dagger            |    28 |       |       |       ||    28
       Whip              |    18 |    32 |     5 |    17 ||    72
       Long sword        |       |     6 |   234 |   356 ||   596
       Punch             |       |       |     3 |     6 ||     9
       Sling             |       |       |       |     1 ||     1
 Fire: Sling             |       |       |       |     8 ||     8
Throw: Boomerang         |       |       |       |     8 ||     8
       Dart              |       |       |       |     2 ||     2
 Cast: Summon Small Mamm |    27 |     2 |     2 |     3 ||    34
       Call Imp          |     6 |    13 |    19 |    27 ||    65
       Call Canine Famil |     4 |     6 |    21 |    35 ||    66
       Summon Lightning  |       |       |     5 |    26 ||    31
Evoke: Wand              |     2 |     3 |       |       ||     5
  Use: Scroll            |     8 |     3 |    10 |     6 ||    27
       Potion            |       |       |     2 |     3 ||     5
 Stab: Sleeping          |     1 |       |       |     2 ||     3
       Distracted        |       |       |     4 |     9 ||    13
Armor: Robe              |     1 |     7 |    28 |       ||    36
       Steam dragon scal |       |       |    50 |       ||    50
       Leather armour    |       |       |    17 |   122 ||   139
Dodge: Dodged            |    42 |    23 |   260 |   385 ||   710

Table legend: (Time is in decaauts)
 A = Elapsed time spent in this place.
 B = Non-inter-level travel time spent in this place.
 C = Inter-level travel time spent in this place.
 D = Time resting spent in this place.
 E = Time spent auto-exploring this place.
 F = Levels seen in this place.
 G = Mean time per level.
                   A        B        C        D        E       F      G
               +--------+--------+--------+--------+--------+-----+--------+
         Total |  15438 |  14828 |    610 |   3094 |   7444 |  16 |  964.9 |
       Dungeon |  12071 |  11582 |    489 |   2589 |   6286 |  10 | 1207.1 |
        Temple |     86 |     82 |      4 |      0 |     64 |   1 |   86.0 |
          Lair |   2005 |   1889 |    116 |    203 |    979 |   2 | 1002.5 |
         Sewer |    668 |    668 |      0 |    132 |     84 |   1 |  668.0 |
       Ossuary |    498 |    498 |      0 |    141 |      0 |   1 |  498.0 |
       Volcano |    107 |    107 |      0 |     29 |     30 |   1 |  107.0 |
               +--------+--------+--------+--------+--------+-----+--------+

Top non-repeatable levels by time:
     D:1: 1718 daAuts
     D:3: 1711 daAuts
  Lair:1: 1463 daAuts
     D:6: 1397 daAuts
     D:9: 1336 daAuts
     D:5: 1205 daAuts
    D:10: 1103 daAuts
     D:8: 1073 daAuts
     D:4: 1058 daAuts
     D:2: 836 daAuts
   Sewer: 668 daAuts
     D:7: 630 daAuts
  Lair:2: 542 daAuts
 Ossuary: 498 daAuts
 Volcano: 107 daAuts
